 Dungeon Crawl Stone Soup version 0.29.0-4-gdea44cf6ec (webtiles) character file.

Game seed: 9255218107881029069

21 qw the Caller (level 2, -1/23 HPs)
             Began as a Ghoul Summoner on Sept 9, 2022.
             Slain by an adder (2 damage)
             ... on level 2 of the Dungeon.
             The game lasted 00:00:38 (1765 turns).

qw the Caller (Ghoul Summoner)                      Turns: 1765, Time: 00:00:38

Health: -1/23      AC:  5    Str: 11    XL:     2   Next: 83%
Magic:  1/3        EV: 10    Int: 10    God:
Gold:   39         SH:  0    Dex:  9    Spells: 3/4 levels left

rFire   . . .      SeeInvis .   Y - +0 morningstar
rCold   + . .      Faith    .   (no shield)
rNeg    + + +      Spirit   .   e - +0 ring mail
rPois   inf        Reflect  .   (no helmet)
rElec   .          Harm     .   (no cloak)
rCorr   .          Rampage  .   (no gloves)
Will    .....                   (no boots)
Stlth   +.........              (no amulet)
HPRegen 0.00/turn               (no ring)
MPRegen 0.08/turn               (no ring)

@: inhibited regen
A: claws 1, cold resistance 1, negative energy resistance 3, inhibited
regeneration, torment resistance 2, devour on kill
a: no special abilities


You were on level 2 of the Dungeon.
You visited 1 branch of the dungeon, and saw 2 of its levels.

You collected 39 gold pieces.


Innate Abilities, Weirdness & Mutations

You are immune to poison.
You have sharp fingernails.
Your flesh is cold resistant. (rC+)
You are immune to negative energy. (rN+++)
You do not regenerate when monsters are visible.
You are immune to unholy pain and torment.
You thrive by killing the living.


   Skills:
 - Level 1.1 Fighting
 + Level 1.7 Axes
 - Level 1.7 Dodging
 - Level 2.1 Stealth
 - Level 1.7 Spellcasting
 - Level 3.6 Summonings


You had 3 spell levels left.
You knew the following spells:

 Your Spells              Type           Power      Damage    Failure   Level
a - Summon Small Mammal   Summ           32%        N/A       19%         1

Your spell library contained the following spells:

 Spells                   Type           Power      Damage    Failure   Level
 Call Imp                 Summ           8%         N/A       26%         2
 Call Canine Familiar     Summ           8%         N/A       47%         3
 Summon Guardian Golem    Hex/Summ       4%         N/A       75%         3
 Summon Lightning Spire   Summ/Air       4%         N/A       98%         4

Inventory:

Hand Weapons
 Y - a +0 morningstar (weapon)
Armour
 e - a +0 ring mail (worn)
Potions
 g - a potion of lignification {unknown}
 h - a potion of invisibility {unknown}
 k - a potion of attraction {unknown}
 l - a potion of curing

Dungeon Overview and Level Annotations

Branches:
Dungeon (2/15)

Altars:

Annotations:
D:1 1 runed translucent door


Message History

1757 ||| CASTING Summon Small Mammal
Casting: Summon Small Mammal (safe; 19% risk of failure)
Confirm with . or Enter, or press ? or * to list all spells.
Your bat barely misses the adder.
The adder bites you.
You miss the adder.
The adder is lightly wounded.
Your bat hits the adder. The adder bites you.
Your bat closely misses the adder.
The adder barely misses you.
You barely miss the adder.
The adder is lightly wounded.
Your bat barely misses the adder.
The adder barely misses you.
Your rat bites the adder.
The adder completely misses you.
You hit the adder but do no damage.
The adder is moderately wounded.
Your bat barely misses the adder.
Your rat misses the adder. The adder closely misses you.
Your bat misses the adder.
Your rat bites the adder.
The adder bites your rat.
Your rat dies!
Your rat's corpse disappears in a puff of smoke!
The adder hisses angrily.
You completely miss the adder.
The adder is heavily wounded.
Your bat barely misses the adder.
The adder barely misses you.
Your bat hits the adder. The adder closely misses you.
You miss the adder.
The adder is severely wounded.
Your bat hits the adder but does no damage.
The adder closely misses your bat.
Your bat closely misses the adder.
The adder barely misses your bat.
You closely miss the adder.
The adder is severely wounded.
Your bat hits the adder.
Your bat barely misses the adder.
Your bat completely misses the adder.
The adder barely misses your bat.
You closely miss the adder.
The adder is severely wounded.
Your bat misses the adder. The adder closely misses you. The adder bites you.
You completely miss the adder.
The adder is severely wounded.
Your bat closely misses the adder.
The adder bites you.
You die...

.##### #.#
...... #.#
...... #.#
......######.#
.............#
.....b.......#
.............#
......S@....<#
......%#######
.......
.......
....)..
.......
.......
....!..


You could see an adder (ally target) and a friendly bat (summoned).

Vanquished Creatures
  3 ball pythons
  A bat (D:1)
  An endoplasm (D:1)
  2 hobgoblins
  2 frilled lizards (D:1)
  A goblin (D:1)
  A kobold (D:1)
  2 rats (D:1)
13 creatures vanquished.

Vanquished Creatures (collateral kills)
  A ball python (D:1)
  2 endoplasms (D:1)
  2 frilled lizards (D:1)
  2 kobolds (D:1)
  A rat (D:1)
8 creatures vanquished.

Grand Total: 21 creatures vanquished

Notes
Turn   | Place    | Note
-------+----------+-------------------------------------------
     0 | D:1      | qw the Ghoul Summoner began the quest for the Orb.
     0 | D:1      | Reached XP level 1. HP: 14/14 MP: 2/2
     0 | D:1      | Noticed a jelly
     0 | D:1      | 0 ||| qw: Version: 0.1-a-113-g051387a
     0 | D:1      | 0 ||| qw: Game counter: 7231
     0 | D:1      | 0 ||| qw: Always use a shield: true
     0 | D:1      | 0 ||| qw: God list: Okawaru
     0 | D:1      | 0 ||| qw: Allow faded altars: false
     0 | D:1      | 0 ||| qw: Do Orc after D:15 true
     0 | D:1      | 0 ||| qw: Do second Lair branch before Depths: true
     0 | D:1      | 0 ||| qw: Lair rune preference: random
     0 | D:1      | 0 ||| qw: Plans: Normal
     0 | D:1      | 0 ||| PLANNING D:1-11
     1 | D:1      | Found a runed translucent door.
    13 | D:1      | 13 ||| CASTING Summon Small Mammal
    14 | D:1      | 14 ||| CASTING Summon Small Mammal
    26 | D:1      | 26 ||| CASTING Summon Small Mammal
   111 | D:1      | 111 ||| CASTING Summon Small Mammal
   112 | D:1      | 112 ||| CASTING Summon Small Mammal
   170 | D:1      | 170 ||| CASTING Summon Small Mammal
   171 | D:1      | 171 ||| CASTING Summon Small Mammal
   245 | D:1      | 245 ||| CASTING Summon Small Mammal
   246 | D:1      | 246 ||| CASTING Summon Small Mammal
   250 | D:1      | Reached skill level 1 in Axes
   272 | D:1      | 272 ||| Wielding weapon +0 dagger.
   302 | D:1      | 302 ||| CASTING Summon Small Mammal
   303 | D:1      | 303 ||| CASTING Summon Small Mammal
   337 | D:1      | 337 ||| CASTING Summon Small Mammal
   342 | D:1      | 342 ||| CASTING Summon Small Mammal
   343 | D:1      | Reached XP level 2. HP: 22/22 MP: 0/3
   380 | D:1      | 380 ||| CASTING Summon Small Mammal
   381 | D:1      | 381 ||| CASTING Summon Small Mammal
   382 | D:1      | 382 ||| CASTING Summon Small Mammal
   386 | D:1      | Reached skill level 1 in Fighting
   450 | D:1      | Found a faded altar of an unknown god.
   472 | D:1      | 472 ||| CASTING Summon Small Mammal
   473 | D:1      | 473 ||| CASTING Summon Small Mammal
   474 | D:1      | 474 ||| CASTING Summon Small Mammal
   484 | D:1      | 484 ||| CASTING Summon Small Mammal
   616 | D:1      | 616 ||| SWAPPING to +0 whip.
   617 | D:1      | 617 ||| DROPPING +0 dagger.
   628 | D:1      | 628 ||| SWAPPING to +0 morningstar.
   629 | D:1      | 629 ||| DROPPING +0 whip.
   635 | D:1      | 635 ||| CASTING Summon Small Mammal
   636 | D:1      | 636 ||| CASTING Summon Small Mammal
   637 | D:1      | 637 ||| CASTING Summon Small Mammal
   723 | D:1      | 723 ||| CASTING Summon Small Mammal
   724 | D:1      | 724 ||| CASTING Summon Small Mammal
   725 | D:1      | 725 ||| CASTING Summon Small Mammal
   734 | D:1      | 734 ||| CASTING Summon Small Mammal
   833 | D:1      | 833 ||| CASTING Summon Small Mammal
   834 | D:1      | 834 ||| CASTING Summon Small Mammal
   835 | D:1      | 835 ||| CASTING Summon Small Mammal
   934 | D:1      | 934 ||| CASTING Summon Small Mammal
   935 | D:1      | 935 ||| Stepping ~*~*~tactically~*~*~ (stealth).
   936 | D:1      | 936 ||| CASTING Summon Small Mammal
   937 | D:1      | 937 ||| CASTING Summon Small Mammal
   945 | D:1      | 945 ||| CASTING Summon Small Mammal
  1246 | D:1      | 1246 ||| CASTING Summon Small Mammal
  1247 | D:1      | 1247 ||| CASTING Summon Small Mammal
  1248 | D:1      | 1248 ||| CASTING Summon Small Mammal
  1261 | D:1      | 1261 ||| CASTING Summon Small Mammal
  1392 | D:1      | 1392 ||| CASTING Summon Small Mammal
  1393 | D:1      | 1393 ||| CASTING Summon Small Mammal
  1394 | D:1      | 1394 ||| CASTING Summon Small Mammal
  1605 | D:1      | 1605 ||| UPGRADING to +0 ring mail.
  1615 | D:1      | 1615 ||| DROPPING +0 robe.
  1616 | D:1      | 1616 ||| READING scroll labelled FALAOW YGUISIO.
  1717 | D:1      | 1717 ||| READING scroll labelled IWAQEALEST.
  1718 | D:1      | 1718 ||| READING scroll labelled EGUIR NORI.
  1719 | D:1      | 1719 ||| READING scroll labelled GAZUKEOFYR.
  1720 | D:1      | 1720 ||| READING scroll labelled ROUVVA DAUNAUPS.
  1721 | D:1      | 1721 ||| DRINKING 2 pink potions.
  1722 | D:1      | 1722 ||| DROPPING potion of magic.
  1737 | D:2      | 1737 ||| CASTING Summon Small Mammal
  1738 | D:2      | 1738 ||| CASTING Summon Small Mammal
  1739 | D:2      | 1739 ||| CASTING Summon Small Mammal
  1748 | D:2      | 1748 ||| CASTING Summon Small Mammal
  1757 | D:2      | 1757 ||| CASTING Summon Small Mammal
  1757 | D:2      | HP: 5/23 [adder (3)]
  1758 | D:2      | HP: 2/23 [adder (3)]
  1764 | D:2      | HP: 1/23 [adder (1)]
  1765 | D:2      | Slain by an adder

Levels and vault maps discovered:
D:1:      dpeg_arrival_caged_fury, layout_loops_corners,
          shapermc_ecumenical_altar_gd
D:2:      layout_basic, wad_floor_pattern_2, kennysheep_generic_room_2

Skill      XL: |  1  2 |
---------------+-------+-----
Axes           | 1 |  1.7
Fighting       | 1 |  1.1
Dodging        | |  1.7
Stealth        | |  2.1
Spellcasting   | |  1.7
Summonings     | |  3.6

Action                   || total
-------------------------++-------
Melee: Unarmed           ||    18
       Dagger            ||    16
       Morningstar       ||    40
 Cast: Summon Small Mamm ||    45
  Use: Scroll            ||     5
       Potion            ||     1
Armor: Robe              ||    19
       Ring mail         ||     8
Dodge: Dodged            ||    61

Table legend:
 A = Non-vault XP
 B = Vault XP
 C = Vault XP percentage of total XP
 D = Non-vault monster count
 E = Vault monster count
 F = Vault count percentage of total count
                 A         B        C        D         E       F
            +---------+---------+-------+---------+---------+-------
      Total |      30 |       0 |   0.0 |      21 |       0 |   0.0
            +---------+---------+-------+---------+---------+-------
        D:1 |      27 |       0 |   0.0 |      19 |       0 |   0.0
        D:2 |       3 |       0 |   0.0 |       2 |       0 |   0.0
            +---------+---------+-------+---------+---------+-------
